 Dungeon Crawl Stone Soup version 0.26-a0-708-g17f3b190f9 (webtiles) character file.

Game seed: 3133416532675797448

420 jasper the Cudgeler (level 7, -9/61 HPs)
             Began as a Kobold Berserker on Oct 28, 2020.
             Was a Priest of Trog.
             Killed by divine providence
             ... invoked by an orc priest
              (12 damage)
             ... on level 4 of the Dungeon.
             The game lasted 00:03:47 (4221 turns).

jasper the Cudgeler (Kobold Berserker)              Turns: 4221, Time: 00:03:47

Health: -9/61      AC:  8    Str: 17    XL:     7   Next: 16%
Magic:  7/7        EV: 10    Int:  8    God:    Trog [***...]
Gold:   179        SH:  0    Dex: 20    Spells: 6/6 levels left

rFire    . . .     SeeInvis .   r - +0 whip (elec)
rCold    . . .     Faith    .   (shield restricted)
rNeg     . . .     Spirit   .   q - +0 chain mail
rPois    .         Reflect  .   (no helmet)
rElec    .         Harm     .   (no cloak)
rCorr    .         Rampage  .   (no gloves)
MR       .....                  (no boots)
Stlth    ..........             (no amulet)
HPRegen  0.20/turn              g - +6 ring of dexterity
MPRegen  0.10/turn              (no ring)

@: berserking (expiring), very quick
A: small, nightstalker 3
a: Berserk, Trog's Hand, Renounce Religion


You were on level 4 of the Dungeon.
You worshipped Trog.
Trog was most pleased with you.
You visited 1 branch of the dungeon, and saw 4 of its levels.

You collected 179 gold pieces.

Inventory:

Hand Weapons
 a - a +0 mace
 h - a +2 antimagic whip
 r - a +0 whip of electrocution (weapon)
 t - a +0 flail
Missiles
 c - 130 stones (quivered)
Armour
 b - a +0 animal skin
 l - a +0 ring mail
 q - a +0 chain mail (worn)
Jewellery
 g - a +6 ring of dexterity (left hand)
Scrolls
 e - 2 scrolls of random uselessness {unknown}
 n - a scroll of teleportation
 o - 2 scrolls of remove curse
 s - a scroll of noise {unknown}
 u - a scroll of magic mapping {unknown}
Potions
 d - 4 potions of lignification
 f - a potion of stabbing
 i - 3 potions of curing
 j - a potion of flight
 k - 3 potions of mutation
 m - 2 potions of cancellation {unknown}
 p - a potion of heal wounds {unknown}


   Skills:
 - Level 3.2 Fighting
 + Level 6.9 Maces & Flails
 - Level 1.5 Armour
 - Level 2.4 Dodging


You had 6 spell levels left.
You didn't know any spells.
Your spell library was empty.

Dungeon Overview and Level Annotations

Branches:
Dungeon (4/15)
 Temple: D:4-7

Altars:
Uskayaw
Zin


Innate Abilities, Weirdness & Mutations

You are small and have problems with some larger weapons.
You are completely attuned to the shadows.


Message History

Unknown command.
You whack the orc!
You kill the orc!
Trog accepts your kill. The orc hits you but does no damage.
You whack the orc! Lightning courses through the orc!
You kill the orc!
Trog accepts your kill.
An orc comes into view. It is wielding a +0 club.
The orc priest invokes the aid of Beogh against you.
Beogh smites you!
* * * LOW HITPOINT WARNING * * *
You take 10 damage, and have 3/61 hp.
The orc barely misses you.
Things that are here:
a +0 club; an orc corpse You feel a strong urge to attack something.
The orc priest invokes the aid of Beogh against you.
Beogh smites you!
You die...

.......#...#.......#
..##..##...#.......#
).##########.......#
......#............#
......#...........## .
..#####...........# ..
..#............).)#...
..#............)))o...
..#.............@.#...
..#....#####...o..###'
..#....# ...o..#
..'....# ......#
###....# ......#
.......# .......'
.......# .......#


You could see an orc priest and 2 orcs.

Vanquished Creatures
  A scorpion (D:2)
  An orc priest (D:4)
  3 orc wizards (D:4)
  Terence (D:3)
  2 worker ants
  7 adders
  A white imp (D:2)
  An ooze (D:3)
  An adder skeleton (D:4)
  A worm (D:2)
  2 dart slugs (D:1)
  4 leopard geckos
  18 orcs
  4 giant cockroaches
  8 goblins
  4 hobgoblins
  4 jackals (D:1)
  3 quokkas (D:2)
  6 bats
  2 frilled lizards
  3 kobolds (D:1)
  A leopard gecko skeleton (D:4)
  A quokka skeleton (D:4)
  7 rats
86 creatures vanquished.

Notes
Turn   | Place    | Note
-------+----------+-------------------------------------------
     0 | D:1      | jasper the Kobold Berserker began the quest for the Orb.
     0 | D:1      | Reached XP level 1. HP: 14/14 MP: 1/1
   157 | D:1      | Reached skill level 3 in Maces & Flails
   273 | D:1      | Reached XP level 2. HP: 19/19 MP: 2/2
   488 | D:1      | Reached XP level 3. HP: 19/23 MP: 3/3
  1385 | D:2      | Reached skill level 4 in Maces & Flails
  1721 | D:2      | Found a hide-covered altar of Uskayaw.
  1733 | D:2      | Reached XP level 4. HP: 22/28 MP: 1/4
  1828 | D:2      | Reached ** piety under Trog
  1957 | D:2      | Reached XP level 5. HP: 32/32 MP: 1/5
  2099 | D:2      | Reached skill level 5 in Maces & Flails
  3020 | D:3      | Reached XP level 6. HP: 37/37 MP: 2/6
  3296 | D:3      | Noticed Terence
  3306 | D:3      | Killed Terence
  3306 | D:3      | Reached skill level 6 in Maces & Flails
  3412 | D:3      | Found a glowing silver altar of Zin.
  4210 | D:4      | Reached XP level 7. HP: 34/41 MP: 7/7
  4219 | D:4      | Reached *** piety under Trog
  4219 | D:4      | HP: 3/61 [orc priest/divine providence (10)]
  4221 | D:4      | Killed from afar by an orc priest

Illustrated notes

Levels and vault maps discovered:
D:1:      dpeg_arrival_line_fractal, layout_loops_corners
D:2:      layout_basic, eat_drink_and_be_merry_uskayaw
D:3:      layout_loops_ring, lemuel_coloured_pillars_altar,
          minmay_fractal_squares_gapless_5, uniq_terence
D:4:      layout_gridville, grunt_temple_overflow_open

Skill      XL: |  1  2  3  4  5  6 |
---------------+-------------------+-----
Maces & Flails | 3 4 5 6 |  6.9
Fighting       | |  3.2
Armour         | |  1.5
Dodging        | |  2.4

Action                   |  1- 3 |  4- 6 |  7- 9 || total
-------------------------+-------+-------+-------++-------
Melee: Mace              |    68 |       |       ||    68
       Whip              |    10 |   189 |     9 ||   208
Throw: Stone             |     3 |     3 |       ||     6
Invok: Berserk           |     2 |     6 |       ||     8
       Trog's Hand       |       |     1 |       ||     1
  Use: Scroll            |     4 |     4 |       ||     8
 Stab: Sleeping          |     6 |     4 |       ||    10
       Distracted        |       |     2 |       ||     2
Armor: Animal skin       |     8 |     3 |       ||    11
       Ring mail         |       |    22 |       ||    22
       Chain mail        |       |    35 |     2 ||    37
Dodge: Dodged            |    68 |    82 |     8 ||   158

Table legend: (Time is in decaauts)
 A = Elapsed time spent in this place.
 B = Non-inter-level travel time spent in this place.
 C = Inter-level travel time spent in this place.
 D = Time resting spent in this place.
 E = Time spent auto-exploring this place.
 F = Levels seen in this place.
 G = Mean time per level.
                   A        B        C        D        E       F      G
               +--------+--------+--------+--------+--------+-----+--------+
         Total |   4262 |   4206 |     56 |    592 |   3062 |   4 | 1065.5 |
       Dungeon |   4262 |   4206 |     56 |    592 |   3062 |   4 | 1065.5 |
               +--------+--------+--------+--------+--------+-----+--------+

Top non-repeatable levels by time:
     D:2: 1460 daAuts
     D:1: 1369 daAuts
     D:3: 771 daAuts
     D:4: 660 daAuts
